Blues vs Stars

Created - March 10, 2024 at 22:20

Goals
1 2 3 T
Blues 1 0 0 1
Stars 1 2 0 3
Shots
1 2 3 T
Blues 10 7 4 21
Stars 11 12 5 28

GoalsPenalties
1st period
1. Stars , Viktor Arvidsson 8 (Rickard Rakell 7, Pheonix Copley) at 2:53
2. Blues , Alex Newhook 4 (Yanni Gourde 24, Marcus Johansson 5) at 10:00
Yanni Gourde (STL) for High sticking (Minor) at 15:48
Curtis Lazar (STL) for Tripping (Minor) at 19:37
2nd period
3. Stars , Carter Verhaeghe 14 (Gustav Forsling 27, Sean Durzi 26) at 5:55
4. Stars , Dylan Larkin 24 (Gustav Forsling 28, Nazem Kadri 29) at 13:25 (PP)
Kris Letang (STL) for Interference (Minor) at 2:43
Nathan Bastian (DAL) for Fighting (Major) at 7:47
Anthony DeAngelo (STL) for Fighting (Major) at 7:47
Anthony DeAngelo (STL) for Hooking (Minor) at 13:05
3rd period
No Goal
Alex Newhook (STL) for Tripping (Minor) at 2:47
Filip Hronek (STL) for Holding (Minor) at 5:46
Logan Couture (STL) for Hooking (Minor) at 11:12
Carter Verhaeghe (DAL) for Holding (Minor) at 15:38
Goalie Stats
Carter Hart (STL), 25 saves from 28 shots - (0.893), L, 18-16-4, 60:00 minutes
Pheonix Copley (DAL), 20 saves from 21 shots - (0.952), W, 8-8-4, 60:00 minutes
3 StarsOfficial
1 - Viktor Arvidsson (DAL)
2 - Dylan Larkin (DAL)
3 - Gustav Forsling (DAL)
Referees : Conor O'Donnell and Justin St. Pierre
Linesman : Darren Gibbs and Mark Shewchyk
Game Note
Anthony DeAngelo beats up Nathan Bastian at 7:47 of 2nd period
Finance
Level 1 -- Attendance: 3762 (62.70%) -- Ticket Income $658,350
Level 2 -- Attendance: 2824 (56.48%) -- Ticket Income $353,000
Level 3 -- Attendance: 1575 (78.75%) -- Ticket Income $187,425
Level 4 -- Attendance: 2492 (54.99%) -- Ticket Income $97,188
Luxury Box -- Attendance: 648 (64.80%) -- Ticket Income $194,400
Game was played at the American Airlines Center.
Total Attendance: 11301 (60.98%)
Total Ticket Income: $1,490,363
Other Income: $372,591
Total Income: $1,862,954



Team Name Goals Shots Shots Attemp Shots Blocked PIM HIT PP PK FO%
Blues 12149719220 / 1 (0%)150%
Stars 3285987191 / 7 (14%)050%

Blues
Player Name POS G A P +/- PIM HIT SHT SB MP PP MP PP SHT PK MP PK SHT FO% FOT
Alec MartinezD0000021118:500:3406:1100% 0
Alex NewhookC1011212014:100:4400:3400% 1
Anthony DeAngeloD0000720217:040:4401:4400% 0
Anton StralmanD000000000:000:0000:0000% 0
Auston MatthewsC000-1015019:461:1500:450100% 2
Cale MakarD000-1010123:270:4104:5400% 0
Carson SoucyD0000000112:050:0000:0000% 0
Clayton KellerRW000-1022021:441:1506:40031% 16
Craig SmithC000000104:240:0000:0000% 0
Curtis LazarC000-1220114:400:0000:00053% 19
Filip HronekD0000231122:250:0005:4710% 0
Jack EichelC000-1003015:250:4400:000100% 2
Kris LetangD000-1240024:500:4405:5200% 0
Logan CoutureC000-1210020:101:1504:1500% 3
Marcus JohanssonLW0111002014:420:0001:2200% 0
Nico HischierC000-1011020:041:1505:00053% 17
Steven LorentzC000000104:240:0000:000100% 4
Yanni GourdeC0111222019:280:4405:52050% 16
Stars
Player Name POS G A P +/- PIM HIT SHT SB MP PP MP PP SHT PK MP PK SHT FO% FOT
Anton LundellC0000001013:467:1811:01050% 6
Carter VerhaegheC1010214019:427:1810:00067% 3
Dillon DubeC0001012012:450:0000:00050% 12
Dylan LarkinC1010013017:214:5610:0000% 0
Evan BouchardD0000031025:576:5211:0200% 0
Gustav ForslingD0220001218:425:2210:5700% 0
Jesper BrattLW0000002121:064:5621:0000% 0
Jonas BrodinD0000003124:014:5611:0200% 0
MacKenzie WeegarD0001020115:210:0000:0000% 0
Marcus PetterssonD0001020215:210:0000:0000% 0
Nathan BastianRW000050004:300:0000:0000% 1
Nazem KadriC0110022018:455:2210:58023% 22
Nic DowdC000000006:260:0000:590100% 1
Rickard RakellRW0111020113:410:0000:0000% 0
Sean DurziD0110000020:387:1800:5700% 0
Sidney CrosbyC0000024022:026:5210:00066% 35
Timo MeierRW0000034015:100:0000:0000% 0
Viktor ArvidssonRW1011001012:450:0000:0000% 0



Play-by-Play

1st period


0:01 of 1st period - Sidney Crosby wins face-off versus Nico Hischier in neutral zone.
0:01 of 1st period - Sidney Crosby is hit by Nico Hischier.
0:11 of 1st period - Shot by Jesper Bratt.
0:11 of 1st period - Shot Blocked by Cale Makar.
0:23 of 1st period - Nico Hischier is hit by Sidney Crosby and loses puck.
0:40 of 1st period - Shot by Timo Meier.
0:40 of 1st period - Shot Misses the Net.
0:42 of 1st period - Shot by Jonas Brodin.
0:42 of 1st period - Stopped by Carter Hart without a rebound.
0:43 of 1st period - Curtis Lazar wins face-off versus Nazem Kadri in Blues zone.
1:09 of 1st period - Icing by Gustav Forsling.
1:10 of 1st period - Yanni Gourde wins face-off versus Nazem Kadri in Stars zone.
1:29 of 1st period - Yanni Gourde is hit by Dylan Larkin and loses puck.
1:55 of 1st period - Icing by Dylan Larkin.
1:56 of 1st period - Curtis Lazar wins face-off versus Nazem Kadri in Stars zone.
2:15 of 1st period - Shot by Jack Eichel.
2:15 of 1st period - Shot Misses the Net.
2:53 of 1st period - Shot by Viktor Arvidsson.
2:53 of 1st period - Goal by Viktor Arvidsson - Blues : 0 - Stars : 1.
2:54 of 1st period - Sidney Crosby wins face-off versus Clayton Keller in neutral zone.
3:03 of 1st period - Shot by Sidney Crosby.
3:03 of 1st period - Shot Misses the Net.
3:09 of 1st period - Shot by Sidney Crosby.
3:09 of 1st period - Shot Misses the Net.
3:17 of 1st period - Shot by Sidney Crosby.
3:17 of 1st period - Stopped by Carter Hart without a rebound.
3:18 of 1st period - Yanni Gourde wins face-off versus Dillon Dube in Blues zone.
3:18 of 1st period - Yanni Gourde is hit by Marcus Pettersson.
3:21 of 1st period - Alex Newhook is hit by Rickard Rakell and loses puck.
3:25 of 1st period - Yanni Gourde is hit by MacKenzie Weegar and loses puck.
3:30 of 1st period - Shot by Marcus Johansson.
3:30 of 1st period - Shot Misses the Net.
3:32 of 1st period - Shot by Alec Martinez.
3:32 of 1st period - Stopped by Pheonix Copley with a rebound.
3:34 of 1st period - Shot by Alec Martinez.
3:34 of 1st period - Shot Blocked by Marcus Pettersson.
3:38 of 1st period - Shot by Marcus Johansson.
3:38 of 1st period - Stopped by Pheonix Copley with a rebound.
3:40 of 1st period - Shot by Marcus Johansson.
3:40 of 1st period - Shot Misses the Net.
3:42 of 1st period - Shot by Yanni Gourde.
3:42 of 1st period - Stopped by Pheonix Copley without a rebound.
3:43 of 1st period - Steven Lorentz wins face-off versus Anton Lundell in Stars zone.
4:21 of 1st period - Kris Letang is hit by Evan Bouchard and loses puck.
4:56 of 1st period - Shot by Sidney Crosby.
4:56 of 1st period - Shot Misses the Net.
4:59 of 1st period - Timo Meier is hit by Filip Hronek and loses puck.
5:04 of 1st period - Shot by Timo Meier.
5:04 of 1st period - Stopped by Carter Hart without a rebound.
5:05 of 1st period - Dillon Dube wins face-off versus Yanni Gourde in Blues zone.
5:14 of 1st period - Shot by Rickard Rakell.
5:14 of 1st period - Deflect By Viktor Arvidsson.
5:14 of 1st period - Shot Misses the Net.
5:16 of 1st period - Shot by Gustav Forsling.
5:16 of 1st period - Shot Hit the Post.
5:18 of 1st period - Shot by Gustav Forsling.
5:18 of 1st period - Shot Blocked by Carson Soucy.
5:20 of 1st period - Shot by Dillon Dube.
5:20 of 1st period - Stopped by Carter Hart without a rebound.
5:21 of 1st period - Sidney Crosby wins face-off versus Curtis Lazar in Blues zone.
5:33 of 1st period - MacKenzie Weegar is hit by Logan Couture and loses puck.
5:56 of 1st period - Shot by Timo Meier.
5:56 of 1st period - Shot Misses the Net.
6:31 of 1st period - Shot by Cale Makar.
6:31 of 1st period - Shot Misses the Net.
7:20 of 1st period - Shot by Alex Newhook.
7:20 of 1st period - Shot Misses the Net.
8:47 of 1st period - Off-side.
8:48 of 1st period - Carter Verhaeghe wins face-off versus Nico Hischier in neutral zone.
9:00 of 1st period - Nazem Kadri is hit by Clayton Keller and loses puck.
9:16 of 1st period - Icing by Dylan Larkin.
9:17 of 1st period - Yanni Gourde wins face-off versus Nazem Kadri in Stars zone.
9:48 of 1st period - Alec Martinez is hit by Nazem Kadri and loses puck.
9:58 of 1st period - Shot by Yanni Gourde.
9:58 of 1st period - Shot Misses the Net.
10:00 of 1st period - Shot by Yanni Gourde.
10:00 of 1st period - Deflect By Alex Newhook.
10:00 of 1st period - Goal by Alex Newhook - Blues : 1 - Stars : 1.
10:01 of 1st period - Nico Hischier wins face-off versus Sidney Crosby in neutral zone.
10:05 of 1st period - Icing by MacKenzie Weegar.
10:06 of 1st period - Sidney Crosby wins face-off versus Clayton Keller in Stars zone.
10:32 of 1st period - Shot by Jesper Bratt.
10:32 of 1st period - Shot Misses the Net.
10:57 of 1st period - Icing by Filip Hronek.
10:58 of 1st period - Nic Dowd wins face-off versus Nico Hischier in Blues zone.
12:17 of 1st period - Shot by Jonas Brodin.
12:17 of 1st period - Stopped by Carter Hart without a rebound.
12:18 of 1st period - Yanni Gourde wins face-off versus Sidney Crosby in Blues zone.
12:38 of 1st period - Sidney Crosby is hit by Alec Martinez and loses puck.
12:49 of 1st period - Off-side.
12:50 of 1st period - Nazem Kadri wins face-off versus Curtis Lazar in neutral zone.
13:30 of 1st period - Shot by Carter Verhaeghe.
13:30 of 1st period - Shot Misses the Net.
14:06 of 1st period - Shot by Alex Newhook.
14:06 of 1st period - Stopped by Pheonix Copley without a rebound.
14:07 of 1st period - Steven Lorentz wins face-off versus Sidney Crosby in Stars zone.
14:10 of 1st period - Shot by Auston Matthews.
14:10 of 1st period - Shot Misses the Net.
14:12 of 1st period - Shot by Steven Lorentz.
14:12 of 1st period - Stopped by Pheonix Copley without a rebound.
14:13 of 1st period - Nico Hischier wins face-off versus Sidney Crosby in Stars zone.
14:23 of 1st period - Icing by Gustav Forsling.
14:24 of 1st period - Sidney Crosby wins face-off versus Yanni Gourde in Stars zone.
14:24 of 1st period - Sidney Crosby is hit by Alex Newhook.
14:32 of 1st period - Shot by Sidney Crosby.
14:32 of 1st period - Deflect By Timo Meier.
14:32 of 1st period - Stopped by Carter Hart without a rebound.
14:33 of 1st period - Sidney Crosby wins face-off versus Curtis Lazar in Blues zone.
15:02 of 1st period - Shot by Logan Couture.
15:02 of 1st period - Shot Blocked by Jesper Bratt.
15:14 of 1st period - Shot by Sidney Crosby.
15:14 of 1st period - Stopped by Carter Hart without a rebound.
15:15 of 1st period - Nico Hischier wins face-off versus Nazem Kadri in Blues zone.
15:24 of 1st period - Shot by Nico Hischier.
15:24 of 1st period - Stopped by Pheonix Copley without a rebound.
15:25 of 1st period - Nico Hischier wins face-off versus Dillon Dube in Stars zone.
15:40 of 1st period - Shot by Clayton Keller.
15:40 of 1st period - Shot Misses the Net.
15:44 of 1st period - Shot by Auston Matthews.
15:44 of 1st period - Stopped by Pheonix Copley without a rebound.
15:45 of 1st period - Sidney Crosby wins face-off versus Yanni Gourde in Stars zone.
15:47 of 1st period - Sean Durzi is hit by Yanni Gourde and loses puck.
15:48 of 1st period - Minor Penalty to Yanni Gourde for High sticking.
15:49 of 1st period - Sidney Crosby wins face-off versus Clayton Keller in Blues zone.
16:18 of 1st period - Shot by Evan Bouchard.
16:18 of 1st period - Stopped by Carter Hart without a rebound.
16:19 of 1st period - Clayton Keller wins face-off versus Nazem Kadri in Blues zone.
16:34 of 1st period - Shot by Marcus Johansson.
16:34 of 1st period - Shot Misses the Net.
16:52 of 1st period - Shot by Gustav Forsling.
16:52 of 1st period - Shot Misses the Net.
16:54 of 1st period - Shot by Jesper Bratt.
16:54 of 1st period - Stopped by Carter Hart without a rebound.
16:55 of 1st period - Sidney Crosby wins face-off versus Logan Couture in Blues zone.
17:25 of 1st period - Shot by Carter Verhaeghe.
17:25 of 1st period - Shot Misses the Net.
17:59 of 1st period - Shot by Auston Matthews.
17:59 of 1st period - Stopped by Pheonix Copley without a rebound.
18:00 of 1st period - Dillon Dube wins face-off versus Yanni Gourde in Stars zone.
18:00 of 1st period - Dillon Dube is hit by Yanni Gourde.
19:13 of 1st period - Shot by Craig Smith.
19:13 of 1st period - Stopped by Pheonix Copley without a rebound.
19:14 of 1st period - Curtis Lazar wins face-off versus Nazem Kadri in Stars zone.
19:18 of 1st period - Icing by Gustav Forsling.
19:19 of 1st period - Curtis Lazar wins face-off versus Nazem Kadri in Stars zone.
19:37 of 1st period - Minor Penalty to Curtis Lazar for Tripping.
19:38 of 1st period - Sidney Crosby wins face-off versus Clayton Keller in Blues zone.
19:39 of 1st period - Shot by Carter Verhaeghe.
19:39 of 1st period - Stopped by Carter Hart without a rebound.
19:40 of 1st period - Clayton Keller wins face-off versus Sidney Crosby in Blues zone.
Goals for this period are 1 for Blues vs 1 for Stars.
Shots for this period are 10 for Blues vs 11 for Stars.

2nd period


0:01 of 2nd period - Sidney Crosby wins face-off versus Clayton Keller in neutral zone.
1:02 of 2nd period - Shot by Filip Hronek.
1:02 of 2nd period - Stopped by Pheonix Copley without a rebound.
1:03 of 2nd period - Clayton Keller wins face-off versus Nazem Kadri in Stars zone.
1:34 of 2nd period - Shot by Jonas Brodin.
1:34 of 2nd period - Stopped by Carter Hart without a rebound.
1:35 of 2nd period - Sidney Crosby wins face-off versus Clayton Keller in Blues zone.
1:43 of 2nd period - Rickard Rakell is hit by Anthony DeAngelo and loses puck.
2:03 of 2nd period - Viktor Arvidsson is hit by Filip Hronek and loses puck.
2:06 of 2nd period - Shot by Rickard Rakell.
2:06 of 2nd period - Shot Blocked by Anthony DeAngelo.
2:14 of 2nd period - Shot by Dillon Dube.
2:14 of 2nd period - Shot Misses the Net.
2:16 of 2nd period - Shot by Dillon Dube.
2:16 of 2nd period - Shot Misses the Net.
2:20 of 2nd period - Shot by Dillon Dube.
2:20 of 2nd period - Stopped by Carter Hart without a rebound.
2:21 of 2nd period - Curtis Lazar wins face-off versus Sidney Crosby in Blues zone.
2:21 of 2nd period - Logan Couture is hit by Timo Meier and loses puck.
2:43 of 2nd period - Minor Penalty to Kris Letang for Interference.
2:44 of 2nd period - Sidney Crosby wins face-off versus Clayton Keller in Blues zone.
3:12 of 2nd period - Shot by Sidney Crosby.
3:12 of 2nd period - Shot Misses the Net.
4:10 of 2nd period - Shot by Gustav Forsling.
4:10 of 2nd period - Deflect By Nazem Kadri.
4:10 of 2nd period - Shot Misses the Net.
4:12 of 2nd period - Shot by Jonas Brodin.
4:12 of 2nd period - Shot Misses the Net.
4:14 of 2nd period - Shot by Nazem Kadri.
4:14 of 2nd period - Deflect By Jesper Bratt.
4:14 of 2nd period - Stopped by Carter Hart with a rebound.
4:25 of 2nd period - Icing by Evan Bouchard.
4:26 of 2nd period - Clayton Keller wins face-off versus Sidney Crosby in Stars zone.
4:54 of 2nd period - Icing by Cale Makar.
4:55 of 2nd period - Steven Lorentz wins face-off versus Dillon Dube in Blues zone.
4:55 of 2nd period - Steven Lorentz is hit by Dillon Dube.
5:04 of 2nd period - Cale Makar is hit by Marcus Pettersson and loses puck.
5:07 of 2nd period - Shot by Steven Lorentz.
5:07 of 2nd period - Deflect By Auston Matthews.
5:07 of 2nd period - Stopped by Pheonix Copley with a rebound.
5:09 of 2nd period - Shot by Auston Matthews.
5:09 of 2nd period - Shot Misses the Net.
5:11 of 2nd period - Shot by Auston Matthews.
5:11 of 2nd period - Shot Blocked by Rickard Rakell.
5:28 of 2nd period - Auston Matthews is hit by MacKenzie Weegar and loses puck.
5:40 of 2nd period - MacKenzie Weegar is hit by Curtis Lazar and loses puck.
5:55 of 2nd period - Shot by Carter Verhaeghe.
5:55 of 2nd period - Goal by Carter Verhaeghe - Blues : 1 - Stars : 2.
5:56 of 2nd period - Yanni Gourde wins face-off versus Sidney Crosby in neutral zone.
6:03 of 2nd period - Shot by Yanni Gourde.
6:03 of 2nd period - Shot Misses the Net.
6:12 of 2nd period - Sidney Crosby is hit by Filip Hronek.
7:07 of 2nd period - Shot by Jack Eichel.
7:07 of 2nd period - Stopped by Pheonix Copley without a rebound.
7:08 of 2nd period - Nico Hischier wins face-off versus Nazem Kadri in Stars zone.
7:23 of 2nd period - Shot by Nico Hischier.
7:23 of 2nd period - Shot Blocked by Gustav Forsling.
7:37 of 2nd period - Shot by Carter Verhaeghe.
7:37 of 2nd period - Stopped by Carter Hart without a rebound.
7:38 of 2nd period - Anton Lundell wins face-off versus Curtis Lazar in Blues zone.
7:47 of 2nd period - Anthony DeAngelo beats up Nathan Bastian.
7:47 of 2nd period - Penalty to Nathan Bastian for Fighting.
7:47 of 2nd period - Penalty to Anthony DeAngelo for Fighting.
7:48 of 2nd period - Dillon Dube wins face-off versus Yanni Gourde in Blues zone.
8:20 of 2nd period - Shot by Filip Hronek.
8:20 of 2nd period - Shot Blocked by Marcus Pettersson.
9:00 of 2nd period - Shot by Jesper Bratt.
9:00 of 2nd period - Deflect By Sidney Crosby.
9:00 of 2nd period - Stopped by Carter Hart without a rebound.
9:01 of 2nd period - Curtis Lazar wins face-off versus Nazem Kadri in Blues zone.
9:24 of 2nd period - Shot by Jack Eichel.
9:24 of 2nd period - Stopped by Pheonix Copley with a rebound.
11:20 of 2nd period - Shot by Marcus Johansson.
11:20 of 2nd period - Shot Misses the Net.
11:55 of 2nd period - Kris Letang is hit by Nazem Kadri and loses puck.
12:04 of 2nd period - Shot by Nazem Kadri.
12:04 of 2nd period - Stopped by Carter Hart without a rebound.
12:05 of 2nd period - Jack Eichel wins face-off versus Sidney Crosby in Blues zone.
12:09 of 2nd period - Off-side.
12:10 of 2nd period - Sidney Crosby wins face-off versus Curtis Lazar in neutral zone.
12:23 of 2nd period - Shot by Timo Meier.
12:23 of 2nd period - Stopped by Carter Hart with a rebound.
12:41 of 2nd period - Shot by Sidney Crosby.
12:41 of 2nd period - Shot Blocked by Alec Martinez.
12:43 of 2nd period - Shot by Jonas Brodin.
12:43 of 2nd period - Shot Misses the Net.
12:53 of 2nd period - Shot by Timo Meier.
12:53 of 2nd period - Stopped by Carter Hart without a rebound.
12:54 of 2nd period - Nico Hischier wins face-off versus Nazem Kadri in Blues zone.
13:05 of 2nd period - Minor Penalty to Anthony DeAngelo for Hooking.
13:06 of 2nd period - Sidney Crosby wins face-off versus Clayton Keller in Blues zone.
13:10 of 2nd period - Anton Lundell is hit by Kris Letang and loses puck.
13:19 of 2nd period - Shot by Sidney Crosby.
13:19 of 2nd period - Shot Misses the Net.
13:21 of 2nd period - Shot by Anton Lundell.
13:21 of 2nd period - Stopped by Carter Hart without a rebound.
13:22 of 2nd period - Nazem Kadri wins face-off versus Clayton Keller in Blues zone.
13:23 of 2nd period - Shot by Gustav Forsling.
13:23 of 2nd period - Stopped by Carter Hart with a rebound.
13:25 of 2nd period - Shot by Dylan Larkin.
13:25 of 2nd period - Goal by Dylan Larkin - Blues : 1 - Stars : 3.
13:26 of 2nd period - Curtis Lazar wins face-off versus Nazem Kadri in neutral zone.
14:32 of 2nd period - Shot by Nico Hischier.
14:32 of 2nd period - Shot Blocked by Gustav Forsling.
14:48 of 2nd period - Icing by Nico Hischier.
14:49 of 2nd period - Sidney Crosby wins face-off versus Nico Hischier in Blues zone.
15:02 of 2nd period - Shot by Sidney Crosby.
15:02 of 2nd period - Shot Blocked by Anthony DeAngelo.
15:47 of 2nd period - Shot by Yanni Gourde.
15:47 of 2nd period - Shot Blocked by MacKenzie Weegar.
15:49 of 2nd period - Shot by Yanni Gourde.
15:49 of 2nd period - Stopped by Pheonix Copley without a rebound.
15:50 of 2nd period - Dillon Dube wins face-off versus Curtis Lazar in Stars zone.
16:00 of 2nd period - Kris Letang is hit by Rickard Rakell and loses puck.
16:08 of 2nd period - Dillon Dube is hit by Kris Letang and loses puck.
17:50 of 2nd period - Shot by Jesper Bratt.
17:50 of 2nd period - Shot Blocked by Filip Hronek.
18:38 of 2nd period - Shot by Marcus Johansson.
18:38 of 2nd period - Stopped by Pheonix Copley without a rebound.
18:39 of 2nd period - Curtis Lazar wins face-off versus Carter Verhaeghe in Stars zone.
19:09 of 2nd period - Icing by MacKenzie Weegar.
19:10 of 2nd period - Nazem Kadri wins face-off versus Alex Newhook in Stars zone.
19:16 of 2nd period - Icing by MacKenzie Weegar.
19:17 of 2nd period - Nazem Kadri wins face-off versus Nico Hischier in Stars zone.
19:36 of 2nd period - Shot by Clayton Keller.
19:36 of 2nd period - Stopped by Pheonix Copley without a rebound.
19:37 of 2nd period - Sidney Crosby wins face-off versus Yanni Gourde in Stars zone.
19:45 of 2nd period - Icing by Cale Makar.
19:46 of 2nd period - Sidney Crosby wins face-off versus Yanni Gourde in Blues zone.
19:46 of 2nd period - Jesper Bratt is hit by Cale Makar and loses puck.
19:59 of 2nd period - Shot by Yanni Gourde.
19:59 of 2nd period - Deflect By Marcus Johansson.
19:59 of 2nd period - Shot Misses the Net.
Goals for this period are 0 for Blues vs 2 for Stars.
Shots for this period are 7 for Blues vs 12 for Stars.

3rd period


0:01 of 3rd period - Sidney Crosby wins face-off versus Nico Hischier in neutral zone.
0:04 of 3rd period - Cale Makar is hit by Timo Meier and loses puck.
0:18 of 3rd period - Icing by Nico Hischier.
0:19 of 3rd period - Nazem Kadri wins face-off versus Nico Hischier in Blues zone.
0:37 of 3rd period - Icing by Nico Hischier.
0:38 of 3rd period - Nico Hischier wins face-off versus Sidney Crosby in Blues zone.
0:38 of 3rd period - Nico Hischier is hit by Timo Meier.
0:43 of 3rd period - Kris Letang is hit by Evan Bouchard and loses puck.
1:53 of 3rd period - Shot by Dylan Larkin.
1:53 of 3rd period - Stopped by Carter Hart without a rebound.
1:54 of 3rd period - Yanni Gourde wins face-off versus Dillon Dube in Blues zone.
2:47 of 3rd period - Minor Penalty to Alex Newhook for Tripping.
2:48 of 3rd period - Carter Verhaeghe wins face-off versus Logan Couture in Blues zone.
3:56 of 3rd period - Shot by Nazem Kadri.
3:56 of 3rd period - Stopped by Carter Hart without a rebound.
3:57 of 3rd period - Clayton Keller wins face-off versus Nazem Kadri in Blues zone.
4:19 of 3rd period - Shot by Nico Hischier.
4:19 of 3rd period - Shot Misses the Net.
4:46 of 3rd period - Off-side.
4:47 of 3rd period - Steven Lorentz wins face-off versus Dillon Dube in neutral zone.
4:58 of 3rd period - Shot by Auston Matthews.
4:58 of 3rd period - Stopped by Pheonix Copley without a rebound.
4:59 of 3rd period - Anton Lundell wins face-off versus Curtis Lazar in Stars zone.
5:06 of 3rd period - Icing by Anthony DeAngelo.
5:07 of 3rd period - Curtis Lazar wins face-off versus Anton Lundell in Blues zone.
5:11 of 3rd period - Off-side.
5:12 of 3rd period - Nico Hischier wins face-off versus Nazem Kadri in neutral zone.
5:23 of 3rd period - Shot by Dylan Larkin.
5:23 of 3rd period - Shot Misses the Net.
5:25 of 3rd period - Shot by Carter Verhaeghe.
5:25 of 3rd period - Shot Misses the Net.
5:27 of 3rd period - Shot by Carter Verhaeghe.
5:27 of 3rd period - Stopped by Carter Hart without a rebound.
5:28 of 3rd period - Jack Eichel wins face-off versus Sidney Crosby in Blues zone.
5:46 of 3rd period - Minor Penalty to Filip Hronek for Holding.
5:47 of 3rd period - Sidney Crosby wins face-off versus Clayton Keller in Blues zone.
5:47 of 3rd period - Evan Bouchard is hit by Alec Martinez and loses puck.
7:32 of 3rd period - Icing by Sidney Crosby.
7:33 of 3rd period - Sidney Crosby wins face-off versus Logan Couture in Stars zone.
8:03 of 3rd period - Icing by MacKenzie Weegar.
8:04 of 3rd period - Dillon Dube wins face-off versus Curtis Lazar in Stars zone.
8:09 of 3rd period - Shot by Jack Eichel.
8:09 of 3rd period - Shot Misses the Net.
9:09 of 3rd period - Shot by Nico Hischier.
9:09 of 3rd period - Shot Blocked by Jonas Brodin.
9:15 of 3rd period - Shot by Auston Matthews.
9:15 of 3rd period - Stopped by Pheonix Copley without a rebound.
9:16 of 3rd period - Sidney Crosby wins face-off versus Yanni Gourde in Stars zone.
9:20 of 3rd period - Gustav Forsling is hit by Anthony DeAngelo and loses puck.
9:34 of 3rd period - Off-side.
9:35 of 3rd period - Nico Hischier wins face-off versus Nathan Bastian in neutral zone.
9:44 of 3rd period - Shot by Nico Hischier.
9:44 of 3rd period - Shot Misses the Net.
9:46 of 3rd period - Shot by Clayton Keller.
9:46 of 3rd period - Stopped by Pheonix Copley without a rebound.
9:47 of 3rd period - Yanni Gourde wins face-off versus Nazem Kadri in Stars zone.
10:04 of 3rd period - Shot by Marcus Johansson.
10:04 of 3rd period - Shot Misses the Net.
10:20 of 3rd period - Shot by Dylan Larkin.
10:20 of 3rd period - Stopped by Carter Hart without a rebound.
10:21 of 3rd period - Auston Matthews wins face-off versus Sidney Crosby in Blues zone.
10:21 of 3rd period - Auston Matthews is hit by Sidney Crosby.
10:28 of 3rd period - Kris Letang is hit by Evan Bouchard.
11:12 of 3rd period - Minor Penalty to Logan Couture for Hooking.
11:13 of 3rd period - Sidney Crosby wins face-off versus Clayton Keller in Blues zone.
11:42 of 3rd period - Shot by Sidney Crosby.
11:42 of 3rd period - Stopped by Carter Hart with a rebound.
12:14 of 3rd period - Shot by Nazem Kadri.
12:14 of 3rd period - Shot Misses the Net.
12:16 of 3rd period - Shot by Jonas Brodin.
12:16 of 3rd period - Shot Misses the Net.
13:25 of 3rd period - Shot by Jack Eichel.
13:25 of 3rd period - Stopped by Pheonix Copley without a rebound.
13:26 of 3rd period - Curtis Lazar wins face-off versus Dillon Dube in Stars zone.
13:58 of 3rd period - Shot by Logan Couture.
13:58 of 3rd period - Shot Misses the Net.
14:03 of 3rd period - Off-side.
14:04 of 3rd period - Anton Lundell wins face-off versus Nico Hischier in neutral zone.
14:15 of 3rd period - Anton Lundell is hit by Auston Matthews and loses puck.
14:44 of 3rd period - Shot by Clayton Keller.
14:44 of 3rd period - Shot Misses the Net.
14:55 of 3rd period - Off-side.
14:56 of 3rd period - Yanni Gourde wins face-off versus Nazem Kadri in neutral zone.
14:56 of 3rd period - Kris Letang is hit by Carter Verhaeghe and loses puck.
15:38 of 3rd period - Minor Penalty to Carter Verhaeghe for Holding.
15:39 of 3rd period - Auston Matthews wins face-off versus Anton Lundell in Stars zone.
16:00 of 3rd period - Sean Durzi is hit by Clayton Keller and loses puck.
16:45 of 3rd period - Shot by Jack Eichel.
16:45 of 3rd period - Shot Misses the Net.
17:45 of 3rd period - Shot by Dillon Dube.
17:45 of 3rd period - Shot Misses the Net.
18:04 of 3rd period - Icing by Marcus Pettersson.
18:05 of 3rd period - Dillon Dube wins face-off versus Curtis Lazar in Stars zone.
18:05 of 3rd period - Dillon Dube is hit by Curtis Lazar.
18:19 of 3rd period - Shot by Dillon Dube.
18:19 of 3rd period - Shot Misses the Net.
18:27 of 3rd period - Shot by Dillon Dube.
18:27 of 3rd period - Shot Blocked by Curtis Lazar.
19:00 of 3rd period - Sidney Crosby is hit by Kris Letang.
19:29 of 3rd period - Jesper Bratt is hit by Kris Letang and loses puck.
Goals for this period are 0 for Blues vs 0 for Stars.
Shots for this period are 4 for Blues vs 5 for Stars.